 Dungeon Sprint DCSS version 0.27-a0-681-g0c81a3c1c3 (webtiles) character file.

Game seed: 18092430279370779268

44 mhtbhm the Shield-Bearer (level 3, -1/54 HPs)
             Began as a Minotaur Fighter on Mar 20, 2021.
             Was a Priest of Trog.
             Slain by a jelly (2 damage)
             ... while paralysed by a floating eye
             ... in the Dungeon (Sprint VII: "The Pits").
             The game lasted 00:00:44 (367 turns).

mhtbhm the Shield-Bearer (Minotaur Fighter)          Turns: 367, Time: 00:00:45

Health: -1/54      AC:  1    Str: 21    XL:     3   Next: 41%
Magic:  2/2        EV:  2    Int:  5    God:    Trog [***...]
Gold:   0          SH:  0    Dex:  9    Spells: 2/2 levels left

rFire    . . .     SeeInvis .   a - +2 hand axe
rCold    . . .     Faith    .   c - +0 kite shield
rNeg     . . .     Spirit   .   b - +3 chain mail
rPois    .         Reflect  .   (helmet restricted)
rElec    .         Harm     .   (no cloak)
rCorr    .         Rampage  .   (no gloves)
Will     .....     NoTele   +   (no boots)
Stlth    ..........             (no amulet)
HPRegen  0.18/turn              (no ring)
MPRegen  0.08/turn              (no ring)

@: paralysed, berserking, corroded
A: horns 2, retaliatory headbutt
a: Renounce Religion, Berserk, Trog's Hand


You were in the Dungeon.
You worshipped Trog.
Trog was most pleased with you.
You visited 1 branch

Inventory:

Hand Weapons
 a - a +2 hand axe (weapon)
Armour
 b - a +3 chain mail (worn)
 c - a +0 kite shield (worn)
Scrolls
 j - a scroll of blinking
 l - a scroll of summoning
Potions
 d - a potion of might
 e - 6 potions of curing
 f - 6 potions of heal wounds
 g - a potion of haste
 h - 4 potions of magic
 i - 3 potions of berserk rage
 k - 2 potions of invisibility


   Skills:
 + Level 5.3 Fighting
 + Level 3.7 Axes
 + Level 5.6 Armour
 + Level 1.8 Dodging
 + Level 5.6 Shields


You had 2 spell levels left.
You didn't know any spells.
Your spell library was empty.

Dungeon Overview and Level Annotations

Branches:
Dungeon (1/1)

Altars:
Cheibriados
Dithmenos
Elyvilon
Fedhas
Gozag
Hepliaklqana
Makhleb
Nemelex Xobeh
Okawaru
Qazlal
Ru
Sif Muna
Trog
Vehumet
Wu Jian
Xom
Yredelemnul
Zin
The Shining One
Beogh
Jiyva
Lugonu


Innate Abilities, Weirdness & Mutations

You have a pair of horns on your head.
You reflexively headbutt those who attack you in melee.


Message History

There is an open door here.
A worker ant comes into view.
The centaur wields a +0 shortbow.
The centaur shoots an arrow.
The arrow hits you.
The centaur shoots an arrow.
You block the arrow.
Unknown command.
Okay, then.
A red film seems to cover your vision as you go berserk!
You feel yourself moving faster!
You feel mighty! The worker ant bites you.
The centaur shoots an arrow.
The arrow hits you but does no damage. The floating eye seems to glare at you.
You slash the worker ant!
The worker ant is severely wounded.
The centaur shoots an arrow.
The arrow hits you!
The worker ant bites you but does no damage.
You hit the worker ant. You headbutt the worker ant.
You kill the worker ant!
Trog accepts your kill.
You slash the jelly! The acid corrodes you!
Your hands burn!
The jelly hits you but does no damage.
The centaur shoots an arrow.
The arrow hits you!
* * * LOW HITPOINT WARNING * * *
Your Fighting skill increases to level 5!
You have reached level 3!
Your experience leads to an increase in your attributes!
Increase (S)trength, (I)ntelligence, or (D)exterity?
You feel stronger.
Unknown command.
Unknown command.
You slash the floating eye!
The floating eye is heavily wounded.
You hit the jelly. The acid corrodes you!
Your hands burn!
* * * LOW HITPOINT WARNING * * *
The centaur shoots an arrow.
You block the arrow. The jelly hits you.
* * * LOW HITPOINT WARNING * * *
The acid corrodes you!
You are splashed with acid!
* * * LOW HITPOINT WARNING * * *
The floating eye gazes piercingly through you!
You suddenly lose the ability to move!
The jelly hits you.
You die...

#.#...#.#))#####'#
#.#...รท.#))##.....
#.##)####))##.....
#.#.....#[[##.....
#.#.....#'###...<.
#.#........##.....
#.#........##.....
#'###########.....
#@c.....# ######
#GJB#...# #c..# .#
#.##.# #.. #.. #..
... #.. ..+ #### ##


You could see 2 centaurs, a jelly, a floating eye and a worker ant.

Vanquished Creatures
  A worker ant (D)
  2 ufetubi (D)
  3 ball pythons (D)
  2 jackals (D)
  2 kobolds (D)
  A frilled lizard (D)
11 creatures vanquished.

Notes
Turn   | Place    | Note
-------+----------+-------------------------------------------
     0 | D        | mhtbhm the Minotaur Fighter began the quest for the Orb.
     0 | D        | Reached XP level 1. HP: 19/19 MP: 0/0
    21 | D        | Found a bloodstained altar of Trog.
    21 | D        | Found a shimmering blue altar of Sif Muna.
    21 | D        | Found a viscous altar of Jiyva.
    21 | D        | Found a hazy altar of Hepliaklqana.
    21 | D        | Found an opulent altar of Gozag.
    22 | D        | Found a glowing golden altar of the Shining One.
    22 | D        | Found a glowing silver altar of Zin.
    22 | D        | Found a basalt altar of Yredelemnul.
    22 | D        | Found a shimmering altar of Xom.
    22 | D        | Found an ornate altar of the Wu Jian Council.
    22 | D        | Found a sacrificial altar of Ru.
    22 | D        | Found a stormy altar of Qazlal.
    22 | D        | Found an iron altar of Okawaru.
    22 | D        | Found a sparkling altar of Nemelex Xobeh.
    22 | D        | Found a burning altar of Makhleb.
    22 | D        | Found a blossoming altar of Fedhas.
    22 | D        | Found a white marble altar of Elyvilon.
    22 | D        | Found a shadowy altar of Dithmenos.
    22 | D        | Found a snail-covered altar of Cheibriados.
    24 | D        | Found a radiant altar of Vehumet.
    24 | D        | Found a corrupted altar of Lugonu.
    26 | D        | Became a worshipper of Trog the Wrathful
    69 | D        | Reached * piety under Trog
    84 | D        | Reached XP level 2. HP: 10/28 MP: 1/1
   280 | D        | Reached ** piety under Trog
   281 | D        | Reached skill level 1 in Dodging
   285 | D        | Reached skill level 5 in Armour
   286 | D        | Reached skill level 5 in Shields
   360 | D        | Noticed a centaur
   360 | D        | Noticed a centaur
   361 | D        | Noticed a floating eye
   365 | D        | Reached *** piety under Trog
   366 | D        | Reached skill level 5 in Fighting
   366 | D        | Reached XP level 3. HP: 16/36 MP: 2/2
   366 | D        | HP: 1/54 [acid (9)]
   366 | D        | Paralysed by a floating eye for 4 turns
   367 | D        | Slain by a jelly

Illustrated notes

Levels and vault maps discovered:
D:        pitsprint [storerooms_1, entrance_room_1, metal_vault_6, armoury_3,
          mini_pit_1, grid_room_1, main_hall_1, silver_pit, the_coven_3,
          the_vestibule_1, steel_vault_1, golden_pit, hallway_of_sentries,
          crystal_vault_1, iron_vault_5, final_vault]

Skill      XL: |  1  2 |
---------------+-------+-----
Fighting       | 4 5 |  5.3
Armour         | 4 5 |  5.6
Shields        | 4 5 |  5.6
Axes           | 3 |  3.7
Dodging        | 1 |  1.8

Action                   || total
-------------------------++-------
Melee: Hand axe          ||    31
       War axe           ||     7
       Headbutt          ||     4
Invok: Berserk           ||     1
Armor: Scale mail        ||    21
       Chain mail        ||     3
Dodge: Dodged            ||    20
Block: Kite shield       ||    38

Table legend: (Time is in decaauts)
 A = Elapsed time spent in this place.
 B = Non-inter-level travel time spent in this place.
 C = Inter-level travel time spent in this place.
 D = Time resting spent in this place.
 E = Time spent auto-exploring this place.
 F = Levels seen in this place.
 G = Mean time per level.
                   A        B        C        D        E       F      G
               +--------+--------+--------+--------+--------+-----+--------+
         Total |    381 |    381 |      0 |    183 |     41 |   1 |  381.0 |
       Dungeon |    381 |    381 |      0 |    183 |     41 |   1 |  381.0 |
               +--------+--------+--------+--------+--------+-----+--------+

Top non-repeatable levels by time:
       D: 381 daAuts
